 Dungeon Crawl Stone Soup version 0.22.1-6-g1668fe2c40 (webtiles) character file.

310 Ihlosi the Skirmisher (level 6, 0/38 HPs)
             Began as a Kobold Fighter on Jan 28, 2019.
             Slain by a gnoll
             ... wielding a +0 spear of piercing
              (4 damage)
             ... on level 3 of the Dungeon.
             The game lasted 00:07:23 (2153 turns).

Ihlosi the Skirmisher (Kobold Fighter)              Turns: 2153, Time: 00:07:23

Health: 0/38       AC:  6    Str: 21    XL:     6   Next: 69%
Magic:  6/6        EV: 10    Int:  9    God:
Gold:   181        SH: 10    Dex: 14    Spells: 5/5 levels left

rFire    . . .     SeeInvis .   a - +1 flail
rCold    . . .     Gourm    .   c - +0 shield
rNeg     . . .     Faith    .   b - +0 scale mail
rPois    .         Spirit   .   (no helmet)
rElec    .         Reflect  .   (no cloak)
rCorr    .         Harm     .   (no gloves)
MR       .....                  (no boots)
Stlth    ..........             (no amulet)
HPRegen  0.12/turn              (no ring)
MPRegen  0.10/turn              (no ring)

@: mighty
A: small, carnivore
a: no special abilities


You were on level 3 of the Dungeon.
You were completely stuffed.

You visited 1 branch of the dungeon, and saw 3 of its levels.

You collected 181 gold pieces.

Inventory:

Hand Weapons
 a - a +1 flail (weapon)
Missiles
 i - 35 bolts
Armour
 b - a +0 scale mail (worn)
 c - a +0 shield (worn)
 l - a +0 leather armour
Magical Staves
 o - an uncursed staff of wizardry {unknown}
Scrolls
 e - 2 scrolls of random uselessness
 h - 5 scrolls of identify
 k - a scroll of amnesia
 q - 2 scrolls of remove curse
Comestibles
 f - 5 rations


   Skills:
 * Level 4.0 Fighting
 * Level 3.9 Maces & Flails
 * Level 3.2 Armour
 * Level 2.0 Dodging
 * Level 3.3 Shields


You had 5 spell levels left.
You didn't know any spells.
Your spell library was empty.

Dungeon Overview and Level Annotations

Branches:
Dungeon (3/15)

Altars:
Dithmenos
Makhleb
Nemelex Xobeh
Qazlal


Innate Abilities, Weirdness & Mutations

You are small and have problems with some larger weapons.
You are carnivorous and can eat meat at any time.


Message History

The gnoll hits you from afar with a spear of piercing.
* * * LOW HITPOINT WARNING * * *
x2 You block the gnoll's attack.
The gnoll hits you but does no damage. The gnoll hits you but does no damage.
The gnoll hits you but does no damage. The gnoll hits you but does no damage.
Your transformation is almost over.
You block the gnoll's attack. You block the gnoll's attack.
The gnoll hits you but does no damage. The gnoll hits you but does no damage.
You block the gnoll's attack. The gnoll hits you but does no damage.
The gnoll hits you but does no damage. The gnoll hits you but does no damage.
You feel less wooden.
Your +0 scale mail unmelds from your body.
The gnoll hits you from afar with a spear of piercing.
You die...

#...##.# #.##..#
##..##.###.##''##
#..##..##.#P..8#
#.g...g...##__##
#..###g#####⌠⌠# #.g#
#g# #### #..# #g# #.g#
#)# #.g# #@# #g>#
#§##########.#####
#..# #...)............
#..#######...)....#..#
#..........########..#
#....####### #..#
##.#.# #..# #.#?# #..#
#....# #.[#


You could see 4 gnolls.

Vanquished Creatures
  A gnoll sergeant (D:3)
  A crimson imp (D:2)
  An orc priest (D:2)
  2 orc wizards
  5 adders
  An ooze (D:2)
  5 worms
  2 dart slugs (D:1)
  2 leopard geckos
  2 orcs (D:2)
  9 bats
  5 giant cockroaches
  3 goblins
  3 hobgoblins
  2 jackals (D:2)
  4 quokkas
  A ball python (D:2)
  6 frilled lizards
  8 kobolds
  6 rats
69 creatures vanquished.

Notes
Turn   | Place    | Note
-------+----------+-------------------------------------------
     0 | D:1      | Ihlosi the Kobold Fighter began the quest for the Orb.
     0 | D:1      | Reached XP level 1. HP: 14/14 MP: 1/1
    43 | D:1      | Found a sparkling altar of Nemelex Xobeh.
   123 | D:1      | Reached XP level 2. HP: 15/19 MP: 2/2
   596 | D:2      | Reached XP level 3. HP: 16/23 MP: 3/3
   881 | D:2      | Reached XP level 4. HP: 28/28 MP: 4/4
  1280 | D:2      | Reached skill level 1 in Dodging
  1338 | D:2      | Found a stormy altar of Qazlal.
  1581 | D:2      | Reached XP level 5. HP: 25/33 MP: 5/5
  1658 | D:3      | HP: 1/33 [orc priest/divine providence (10)]
  1791 | D:2      | Reached XP level 6. HP: 35/38 MP: 6/6
  1858 | D:3      | Reached skill level 4 in Fighting
  2060 | D:3      | Found a burning altar of Makhleb.
  2060 | D:3      | Found a shadowy altar of Dithmenos.
  2153 | D:3      | Slain by a gnoll

Skill      XL: |  1  2  3  4  5  6 |
---------------+-------------------+-----
Maces & Flails | 2 3 |  3.9
Dodging        | 1 2 |  2.0
Shields        | 3 |  3.3
Armour         | 3 |  3.2
Fighting       | 4 |  4.0

Action                   |  1- 3 |  4- 6 || total
-------------------------+-------+-------++-------
Melee: Flail             |    99 |   212 ||   311
  Use: Potion            |       |     6 ||     6
       Scroll            |       |     5 ||     5
  Eat: Chunk             |     8 |     5 ||    13
Armor: Scale mail        |    58 |    86 ||   144
       Skin              |       |    19 ||    19
Dodge: Dodged            |    42 |    92 ||   134
Block: Shield            |    57 |   122 ||   179
